 Dungeon Crawl Stone Soup version 0.24-a0-335-g06ca16a (webtiles) character file.

Game seed: 18274231309730071765

1717 Borgoz the Cutter (level 9, -18/62 HPs)
             Began as a Halfling Gladiator on May 18, 2019.
             Demolished by a large slime creature (24 damage)
             ... on level 5 of the Dungeon.
             The game lasted 00:07:38 (5528 turns).

Borgoz the Cutter (Halfling Gladiator)              Turns: 5528, Time: 00:07:39

Health: -18/62     AC:  6    Str: 18    XL:     9   Next: 24%
Magic:  9/9        EV: 16    Int:  6    God:
Gold:   246        SH:  3    Dex: 16    Spells: 8/8 levels left

rFire    . . .     SeeInvis .   s - +3 short sword (speed)
rCold    + . .     Gourm    .   (shield restricted)
rNeg     . . .     Faith    .   b - +0 leather armour
rPois    .         Spirit   .   c - +0 helmet
rElec    .         Reflect  +   B - scarf {repulsion}
rCorr    .         Harm     .   A - +0 pair of gloves
MR       .....                  (no boots)
Stlth    +++.......             e - +3 amulet of reflection
HPRegen  0.20/turn              g - ring of protection from cold
MPRegen  0.11/turn              (no ring)

@: hasted, repel missiles, very quick
A: small, mutation resistance 1
a: no special abilities


You were on level 5 of the Dungeon.
You were hungry.

You visited 2 branches of the dungeon, and saw 7 of its levels.

You collected 246 gold pieces.

Inventory:

Hand Weapons
 a - a +0 rapier
 s - a +3 short sword of speed (weapon)
Missiles
 d - a throwing net (quivered)
Armour
 b - a +0 leather armour (worn)
 c - a +0 helmet (worn)
 A - a +0 pair of gloves (worn)
 B - a scarf of repulsion (worn)
Jewellery
 e - a +3 amulet of reflection (around neck)
 g - a ring of protection from cold (left hand)
Wands
 l - a wand of random effects (23)
Scrolls
 i - 5 scrolls of teleportation {unknown}
 j - a scroll of fear {unknown}
 k - 5 scrolls of identify {unknown}
 m - 2 scrolls of magic mapping {unknown}
 n - 6 scrolls of remove curse {unknown}
 o - a scroll of noise {unknown}
 t - a scroll of enchant weapon {unknown}
 w - a scroll of blinking {unknown}
 y - a scroll of enchant armour {unknown}
Potions
 h - 4 potions of brilliance {unknown}
 p - 2 potions of curing {unknown}
 q - a potion of might {unknown}
 u - a potion of lignification {unknown}
 v - a potion of haste
 x - 2 potions of degeneration {unknown}
 z - a potion of flight {unknown}
Comestibles
 f - 8 rations


   Skills:
 + Level 5.6 Fighting
 + Level 7.9 Short Blades
 - Level 2.0 Throwing
 + Level 6.3 Armour
 - Level 3.2 Dodging
 - Level 5.2 Stealth


You had 8 spell levels left.
You didn't know any spells.
Your spell library contained the following spells:

 Spells                   Type           Power        Failure   Level  Hunger
 Corona                   Hex            #......      50%         1    ##.....
 Slow                     Hex            #.......     65%         2    ###....
 Inner Flame              Hex/Fire       #.......     86%         3    ####...
 Portal Projectile        Hex/Tloc       #.....       86%         3    ####...
 Cause Fear               Hex            #.........   99%         4    #####..
 Leda's Liquefaction      Hex/Erth       #.........   99%         4    #####..


Dungeon Overview and Level Annotations

Branches:
Dungeon (6/15)             Temple (1/1) D:5

Altars:
Ashenzari
Cheibriados
Dithmenos
Elyvilon
Fedhas
Gozag
Hepliaklqana
Kikubaaqudgha
Makhleb
Nemelex Xobeh
Okawaru
Qazlal
Ru
Sif Muna
Trog
Uskayaw
Xom
Yredelemnul
Zin
The Shining One

Shops:
D:4 *:   D:5 ?

Annotations:
D:3 2 transporters, bli's ghost, weakling OpTm


Innate Abilities, Weirdness & Mutations

You are small and have problems with some larger weapons.
You are somewhat resistant to further mutation.


Message History

Evoke which item? (* to show all) (? for menu, Esc to quit)
Aiming: Random Effects
Press: ? - help, Shift-Dir - straight line, f - large slime creature
Aim: a large slime creature (severely wounded)
The bolt of negative energy hits the large slime creature!
The large slime creature is drained!
The large slime creature is almost dead.
The large slime creature hits you!!
* * * LOW HITPOINT WARNING * * *
Evoke which item? (* to show all) (? for menu, Esc to quit)
Aiming: Random Effects
Press: ? - help, Shift-Dir - straight line, f/p - large slime creature
Aim: a large slime creature (almost dead, lightly drained)
The large slime creature resists with some effort.
The large slime creature hits you but does no damage.
You puncture the large slime creature!
The large slime creature is almost dead.
Okay, then.
You feel yourself speed up. The large slime creature hits you!!
You die...

.[[........#.# #.##..#
#.##..#.####.# #.##..# #.##..#.#
#.# #.....###### #.##..#.# #.#
#####......# #.#...### ######
#.####.# #.....#
#######.##J....[##.# #.#
##....###....#.#.#P.PP..##.####.#
#..#.##.....#.#.#J÷.J..##...)..#
##..#.'......#'#@#..÷P÷.##.######
......'........#J#.J..÷J##.#
##..#.'(......)#J#PPP...##.#
......##(..(...#÷#....÷.##.#
##..#####......##'....P.####
()..# ##########......# ###.####
####### .......# ###### #####
.#####.# ####.##.# #...##


You could see a large slime creature and a jelly.

Vanquished Creatures
  Prince Ribbit (D:5)
  2 ice beasts
  A phantom (D:4)
  2 centaurs
  3 big kobolds (D:5)
  3 bullfrogs
  A crimson imp (D:5)
  2 hounds (D:5)
  An orc priest (D:6)
  A centaur skeleton (D:5)
  2 jellies (D:5)
  5 orc wizards
  Terence (D:2)
  2 iguanas
  A worker ant (D:4)
  2 hound zombies (D:5)
  3 adders
  9 gnolls
  4 oozes
  An adder skeleton (D:6)
  2 worms
  A dart slug (D:1)
  3 leopard geckos
  9 orcs
  2 ball pythons (D:1)
  7 giant cockroaches
  3 hobgoblins
  2 jackals (D:6)
  6 bats
  6 frilled lizards
  5 goblins
  6 kobolds
  A quokka zombie (D:5)
  4 rats
104 creatures vanquished.

Vanquished Creatures (others)
  5 fungi (D:5)
  8 toadstools (D:5)
13 creatures vanquished.

Grand Total: 117 creatures vanquished

Notes
Turn   | Place    | Note
-------+----------+-------------------------------------------
     0 | D:1      | Borgoz the Halfling Gladiator began the quest for the Orb.
     0 | D:1      | Reached XP level 1. HP: 14/14 MP: 1/1
   340 | D:1      | Reached XP level 2. HP: 15/19 MP: 2/2
   606 | D:1      | Reached skill level 1 in Stealth
   691 | D:1      | Reached skill level 1 in Armour
   738 | D:1      | Reached XP level 3. HP: 22/24 MP: 3/3
   746 | D:1      | Reached skill level 4 in Short Blades
   971 | D:2      | Reached XP level 4. HP: 20/30 MP: 4/4
  1494 | D:2      | Noticed Terence
  1504 | D:2      | Killed Terence
  1504 | D:2      | Reached XP level 5. HP: 25/35 MP: 5/5
  2432 | D:3      | Found a transporter.
  2436 | D:3      | Found a transporter.
  2436 | D:3      | Noticed bli's ghost (weakling OpTm)
  2437 | D:3      | Noticed an ogre
  2642 | D:4      | Found a shimmering altar of Xom.
  2645 | D:4      | Found a shimmering altar of Xom.
  2647 | D:4      | Found a shimmering altar of Xom.
  2661 | D:4      | Found a shimmering altar of Xom.
  2663 | D:4      | Found a shimmering altar of Xom.
  2697 | D:4      | Noticed an ice beast
  2711 | D:4      | Killed an ice beast
  2711 | D:4      | Reached skill level 5 in Short Blades
  2711 | D:4      | Reached XP level 6. HP: 16/42 MP: 6/6
  2812 | D:4      | Noticed a phantom
  2840 | D:4      | Killed a phantom
  2865 | D:4      | Found an ancient bone altar of Kikubaaqudgha.
  2978 | D:4      | Found Kyibuedi's General Store.
  2992 | D:4      | Found Qeonudu's Book Shoppe.
  3014 | D:4      | Reached XP level 7. HP: 39/46 MP: 7/7
  3239 | D:5      | Entered Level 5 of the Dungeon
  3274 | D:5      | HP: 2/46 [gnoll/+1 spear of freezing (1)]
  3888 | D:5      | Reached skill level 6 in Short Blades
  3892 | D:5      | Found Goistifie's Magic Scroll Boutique.
  3954 | D:5      | Reached XP level 8. HP: 34/54 MP: 8/8
  4028 | D:5      | Found a staircase to the Ecumenical Temple.
  4056 | Temple   | Entered the Ecumenical Temple
  4260 | D:5      | Noticed Prince Ribbit
  4273 | D:5      | Killed Prince Ribbit
  4273 | D:5      | Reached skill level 5 in Stealth
  4297 | D:5      | Reached skill level 5 in Armour
  4331 | D:5      | Found a shimmering altar of Xom.
  4331 | D:5      | Found a shattered altar of Ashenzari.
  4331 | D:5      | Found an iron altar of Okawaru.
  4387 | D:5      | Reached skill level 7 in Short Blades
  4403 | D:5      | Reached skill level 5 in Fighting
  4581 | D:5      | Noticed a slime creature
  4585 | D:5      | Noticed a slime creature
  4585 | D:5      | Noticed a slime creature
  4931 | D:6      | Reached XP level 9. HP: 59/61 MP: 9/9
  5321 | D:6      | Found a sparkling altar of Nemelex Xobeh.
  5321 | D:6      | Found a hazy altar of Hepliaklqana.
  5326 | D:6      | Found a snail-covered altar of Cheibriados.
  5328 | D:6      | Found a faded altar of an unknown god.
  5329 | D:6      | Found a faded altar of an unknown god.
  5528 | D:5      | Demolished by a large slime creature

Levels and vault maps discovered:
D:1:      wander_arrival_chamber, layout_loops_corners, dk_noncrumbling_2
D:2:      layout_basic, first_ration, uniq_terence
D:3:      layout_loops_ring, gammafunk_ghost_smash
D:4:      layout_loops_ring, kennysheep_mini, serial_shops, shop,
          nicolae_shop_stone, xom_redecorated
D:5:      cheibrodos_fertilizer, layout_loops_ring,
          gammafunk_temple_overflow_claw, minmay_temple_entry_statues_fountains,
          serial_shops, shop_statue, uniq_prince_ribbit1
D:6:      layout_cave_pools, chequers_temple_overflow_minitemple
Temple:   dshaligram_water_room_temple

Skill      XL: |  1  2  3  4  5  6  7  8  9 |
---------------+----------------------------+-----
Fighting       | 2 3 4 5 |  5.6
Stealth        | 1 2 3 4 5 |  5.2
Armour         | 1 2 3 4 5 6 |  6.3
Short Blades   | 4 5 6 7 |  7.9
Throwing       | |  2.0
Dodging        | |  3.2

Action                   |  1- 3 |  4- 6 |  7- 9 || total
-------------------------+-------+-------+-------++-------
Melee: Rapier            |    83 |    79 |       ||   162
       Short sword       |       |    67 |   303 ||   370
Throw: Throwing net      |     1 |     1 |     1 ||     3
Evoke: Wand              |       |       |     2 ||     2
  Use: Potion            |     1 |     1 |     3 ||     5
 Stab: Held in net/web   |     1 |     2 |       ||     3
       Sleeping          |       |     2 |     6 ||     8
       Distracted        |       |       |     1 ||     1
  Eat: Chunk             |       |     6 |     8 ||    14
Armor: Leather armour    |    16 |    18 |    24 ||    58
Dodge: Dodged            |    55 |    82 |   119 ||   256
Block: Other             |     9 |    13 |    15 ||    37

Table legend:
 A = Non-vault XP
 B = Vault XP
 C = Vault XP percentage of total XP
 D = Non-vault monster count
 E = Vault monster count
 F = Vault count percentage of total count
                 A         B        C        D         E       F
            +---------+---------+-------+---------+---------+-------
      Total |    1745 |     708 |  28.9 |      94 |      10 |   9.6
            +---------+---------+-------+---------+---------+-------
        D:1 |      34 |       0 |   0.0 |      19 |       0 |   0.0
        D:2 |      73 |      36 |  33.0 |      16 |       1 |   5.9
        D:3 |      90 |       0 |   0.0 |      17 |       0 |   0.0
        D:4 |     328 |       0 |   0.0 |      12 |       0 |   0.0
        D:5 |     725 |     672 |  48.1 |      18 |       9 |  33.3
        D:6 |     495 |       0 |   0.0 |      12 |       0 |   0.0
            +---------+---------+-------+---------+---------+-------
